 Dungeon Crawl Stone Soup version 0.26.0-10-g1f06aea511 (webtiles) character file.

Game seed: 17883970052917292566

18 vatarom the Ruffian (level 2, -2/26 HPs)
             Began as a Ghoul Monk on Feb 2, 2021.
             Slain by an adder (3 damage)
             ... on level 2 of the Dungeon.
             The game lasted 00:01:31 (860 turns).

vatarom the Ruffian (Ghoul Monk)                     Turns: 860, Time: 00:01:32

Health: -2/26      AC:  3    Str: 14    XL:     2   Next: 70%
Magic:  1/1        EV: 13    Int:  5    God:
Gold:   64         SH:  0    Dex: 11    Spells: 1/1 levels left

rFire    . . .     SeeInvis .     - Unarmed
rCold    + . .     Faith    .   (no shield)
rNeg     + + +     Spirit   .   a - +0 robe
rPois    ∞         Reflect  .   h - +0 helmet (curse)
rElec    .         Harm     .   (no cloak)
rCorr    .         Rampage  .   (no gloves)
Will     .....                  (no boots)
Stlth    ++........             (no amulet)
HPRegen  0.00/turn              (no ring)
MPRegen  0.07/turn              (no ring)

@: hasted, very quick
A: claws 1, cold resistance 1, negative energy resistance 3, inhibited
regeneration, torment resistance, unbreathing
a: no special abilities


You were on level 2 of the Dungeon.
You visited 1 branch of the dungeon, and saw 2 of its levels.

You collected 64 gold pieces.

Inventory:

Missiles
 g - 9 poisoned darts (quivered)
Armour
 a - a +0 robe (worn)
 h - a cursed +0 helmet (worn)
 l - a +2 helmet
Jewellery
 k - a cursed amulet of inaccuracy {unknown}
Scrolls
 b - 4 scrolls of identify {unknown}
 c - a scroll of magic mapping {unknown}
 d - a scroll of fear {unknown}
 j - 3 scrolls of teleportation {unknown}
 m - a scroll of enchant armour {unknown}
Potions
 e - a potion of heal wounds {unknown}
 f - a potion of haste {@q3}
 i - 2 potions of curing {unknown}
 n - 2 potions of brilliance {unknown}


   Skills:
 + Level 3.5 Fighting
 + Level 2.9 Dodging
 - Level 2.1 Stealth
 * Level 3.8 Unarmed Combat


You had one spell level left.
You didn't know any spells.
Your spell library was empty.

Dungeon Overview and Level Annotations

Branches:
Dungeon (2/15)

Altars:


Innate Abilities, Weirdness & Mutations

You thrive by killing the living.
You are immune to poison.
You have sharp fingernails.
Your flesh is cold resistant. (rC+)
You are immune to negative energy. (rN+++)
You do not regenerate when monsters are visible.
You are immune to unholy pain and torment.
You can survive without breathing.


Message History

A frilled lizard comes into view.
The goblin hits you.
You are too injured to fight recklessly!
The adder misses you. The goblin barely misses you.
You miss the adder. The adder bites you.
You closely miss the adder. The adder bites you. The adder closely misses you.
You claw the adder!
The adder is severely wounded.
The adder completely misses you.
You closely miss the adder.
The adder is severely wounded.
The adder bites you.
* * * LOW HITPOINT WARNING * * *
You barely miss the adder.
The adder is severely wounded.
The adder bites you.
* * * LOW HITPOINT WARNING * * *
It was a potion of haste.
You feel yourself speed up. The adder bites you.
You die...

#.....# #### #.....# ...##
###.....# ....##
.......#### .....#
#......... .....#
##........ .)...#
####......#
.....###.........#
................@#
....####.#####.#S##
.....##..# #.#gl##
.........# #.....#####
<....##.........##.....#
.....#..####....#.........
........# #..........<...
......#.# #..............
.....## #.?............


You could see an adder, a goblin and a frilled lizard.

Vanquished Creatures
  2 bats (D:1)
  3 goblins (D:1)
  2 hobgoblins
  3 jackals (D:1)
  A frilled lizard (D:1)
  6 rats
17 creatures vanquished.

Notes
Turn   | Place    | Note
-------+----------+-------------------------------------------
     0 | D:1      | vatarom the Ghoul Monk began the quest for the Orb.
     0 | D:1      | Reached XP level 1. HP: 19/19 MP: 0/0
     3 | D:1      | Noticed an electric eel
     3 | D:1      | Noticed an electric eel
   340 | D:1      | Reached XP level 2. HP: 23/26 MP: 1/1
   859 | D:2      | HP: 1/26 [adder (5)]
   860 | D:2      | Slain by an adder

Illustrated notes

Levels and vault maps discovered:
D:1:      arrival_aquarium_b, layout_basic, minmay_misc_feat_encased
D:2:      layout_rooms

Action                   || total
-------------------------++-------
Melee: Unarmed           ||    52
Throw: Dart              ||     1
  Use: Potion            ||     1
 Stab: Sleeping          ||     1
Armor: Robe              ||    11
Dodge: Dodged            ||    46
